 Dungeon Crawl Stone Soup version 0.26-a0-546-g3c2127501a (webtiles) character file.

Game seed: 17776833541431020926

120 ANON1729 the Insei (level 4, -10/34 HPs)
             Began as a Demonspawn Transmuter on Aug 19, 2020.
             Mangled by an ogre
             ... wielding a +0 giant club
              (28 damage)
             ... on level 4 of the Dungeon.
             The game lasted 00:03:20 (2561 turns).

ANON1729 the Insei (Demonspawn Transmuter)          Turns: 2561, Time: 00:03:20

Health: -10/34     AC:  7    Str: 11    XL:     4   Next: 75%
Magic:  8/8        EV: 13    Int: 15    God:
Gold:   136        SH:  0    Dex: 13    Spells: 7/8 levels left

rFire    . . .     SeeInvis .     - Unarmed
rCold    . . .     Faith    .   (no shield)
rNeg     . . .     Spirit   .   a - +0 robe
rPois    .         Reflect  .   r - +2 helmet
rElec    .         Harm     .   (no cloak)
rCorr    .                      (no gloves)
MR       .....                  (no boots)
Stlth    +.........             s - amulet of magic regeneration
HPRegen  0.11/turn              (no ring)
MPRegen  0.36/turn              (no ring)

@: no status effects
A: rugged brown scales 2
a: no special abilities


You were on level 4 of the Dungeon.
You visited 1 branch of the dungeon, and saw 4 of its levels.

You collected 136 gold pieces.

Inventory:

Armour
 a - a +0 robe (worn)
 r - a +2 helmet (worn)
Jewellery
 s - an amulet of magic regeneration (around neck)
Wands
 n - a wand of flame (6)
Scrolls
 b - 2 scrolls of amnesia {unknown}
 c - 4 scrolls of enchant weapon {unknown}
 e - a scroll of fog {unknown}
 g - 4 scrolls of identify
 i - a scroll of teleportation {unknown}
 l - 2 scrolls of remove curse {unknown}
 p - a scroll of enchant armour {unknown}
 q - a scroll of immolation {unknown}
Potions
 d - 4 potions of ambrosia {unknown}
 f - a potion of cancellation {unknown}
 h - a potion of curing {unknown}
 j - 2 potions of mutation {unknown}
 k - a potion of stabbing {unknown}
 m - 2 potions of flight {unknown}
 o - a potion of might {unknown}


   Skills:
 + Level 2.1 Fighting
 + Level 2.5 Dodging
 + Level 3.3 Unarmed Combat
 + Level 2.7 Spellcasting
 + Level 2.5 Transmutations


You had 7 spell levels left.
You knew the following spells:

 Your Spells              Type           Power        Failure   Level
a - Beastly Appendage     Tmut           #.....       8%          1

Your spell library contained the following spells:

 Spells                   Type           Power        Failure   Level
 Wereblood                Tmut           #.......     11%         2
 Summon Small Mammal      Summ           #...         21%         1
 Call Imp                 Summ           #.......     30%         2
 Spider Form              Tmut/Pois      #.........   36%         3
 Call Canine Familiar     Summ           #.......     52%         3
 Summon Guardian Golem    Hex/Summ       #.......     52%         3
 Ice Form                 Ice/Tmut       #.......     77%         4
 Summon Ice Beast         Ice/Summ       #.......     90%         4
 Summon Lightning Spire   Summ/Air       #.......     90%         4
 Blade Hands              Tmut           #.........   90%         5


Dungeon Overview and Level Annotations

Branches:
Dungeon (4/15)
 Temple: D:4-7

Altars:

Annotations:
D:4 Blork the orc


Innate Abilities, Weirdness & Mutations

You are mostly covered in rugged brown scales. (AC +2, +5% HP)


Message History

Aiming: Throw Flame
Press: ? - help, Shift-Dir - straight line, f - ogre
Aim: an ogre, wielding a +0 giant club The puff of flame hits the ogre.
The ogre is lightly wounded.
Evoke which item? (* to show all) (? for menu, Esc to quit)
Aiming: Throw Flame
Press: ? - help, Shift-Dir - straight line, f/p - ogre
Aim: an ogre, wielding a +0 giant club (lightly wounded)
The puff of flame hits the ogre!
The ogre is heavily wounded.
Evoke which item? (* to show all) (? for menu, Esc to quit)
Aiming: Throw Flame
Press: ? - help, Shift-Dir - straight line, f/p - ogre
Aim: an ogre, wielding a +0 giant club (heavily wounded)
The puff of flame hits the ogre.
The ogre is heavily wounded.
The ogre hits you with a +0 giant club!!
Ouch! That really hurt!
You die...

###..........##........# #
#.............##..........
##...#....................
#....##...............##..
#..###......#.......#.....
### ##.............###...
#.#...#..... ###........#
##@.####..# #OZ## #......#
#.....## ....... .......
....... ....... .......


You could see an ogre and a jackal skeleton.

Vanquished Creatures
  Ijyb (D:3)
  2 adders
  An ufetubus (D:4)
  2 worms (D:2)
  3 dart slugs (D:1)
  2 leopard geckos
  6 giant cockroaches
  7 goblins
  11 hobgoblins
  3 jackals (D:2)
  8 bats
  2 frilled lizards
  5 kobolds
  2 rats (D:1)
55 creatures vanquished.

Notes
Turn   | Place    | Note
-------+----------+-------------------------------------------
     0 | D:1      | ANON1729 the Demonspawn Transmuter began the quest for the
                  | Orb.
     0 | D:1      | Reached XP level 1. HP: 15/15 MP: 3/3
    52 | D:1      | Gained mutation: You are partially covered in rugged brown
                  | scales. (AC +1, +3% HP) [demonic ancestry]
    52 | D:1      | Reached XP level 2. HP: 6/21 MP: 3/5
   567 | D:1      | Reached skill level 3 in Unarmed Combat
   567 | D:1      | Reached XP level 3. HP: 25/26 MP: 6/6
  1248 | D:2      | Gained mutation: You are mostly covered in rugged brown
                  | scales. (AC +2, +5% HP) [demonic ancestry]
  1248 | D:2      | Reached XP level 4. HP: 27/34 MP: 5/7
  1372 | D:2      | You fall into a shaft and drop 1 floor!
  1570 | D:3      | Noticed Ijyb
  1589 | D:3      | Killed Ijyb
  2453 | D:4      | Noticed Blork the orc
  2555 | D:4      | Noticed an ogre
  2561 | D:4      | Mangled by an ogre

Illustrated notes

Levels and vault maps discovered:
D:1:      ncdulo_smallfort, layout_basic
D:2:      layout_basic
D:3:      layout_basic, uniq_ijyb
D:4:      layout_cave_pools, gup_sewer_entry_pipe, tgw_sif, uniq_blork_the_orc

Skill      XL: |  1  2  3  4 |
---------------+-------------+-----
Dodging        | 2 |  2.5
Transmutations | 2 |  2.5
Unarmed Combat | 3 |  3.3
Fighting       | 2 |  2.1
Spellcasting   | |  2.7

Action                   |  1- 3 |  4- 6 || total
-------------------------+-------+-------++-------
Melee: Unarmed           |   157 |    66 ||   223
       Headbutt          |     8 |     3 ||    11
       Kick              |    12 |     4 ||    16
       Punch             |     5 |       ||     5
 Cast: Beastly Appendage |     7 |     6 ||    13
Evoke: Wand              |       |     3 ||     3
  Use: Scroll            |       |     1 ||     1
 Stab: Sleeping          |     2 |     2 ||     4
Armor: Robe              |    49 |    26 ||    75
Dodge: Dodged            |   108 |    62 ||   170

Table legend: (Time is in decaauts)
 A = Elapsed time spent in this place.
 B = Non-inter-level travel time spent in this place.
 C = Inter-level travel time spent in this place.
 D = Time resting spent in this place.
 E = Time spent auto-exploring this place.
 F = Levels seen in this place.
 G = Mean time per level.
                   A        B        C        D        E       F      G
               +--------+--------+--------+--------+--------+-----+--------+
         Total |   2547 |   2532 |     15 |    369 |   1667 |   4 |  636.8 |
       Dungeon |   2547 |   2532 |     15 |    369 |   1667 |   4 |  636.8 |
               +--------+--------+--------+--------+--------+-----+--------+

Top non-repeatable levels by time:
     D:3: 1035 daAuts
     D:1: 956 daAuts
     D:2: 406 daAuts
     D:4: 149 daAuts
